 Dungeon Crawl Stone Soup version 0.30.0-3-ga4e48a9924 (webtiles) character file.

Game seed: 7544512621051035453

160 Irreverend the Magician (level 5, -1/40 HPs)
             Began as a Djinni Conjurer on May 7, 2023.
             Slain by a sky beast (5 damage)
             ... on level 4 of the Dungeon.
             The game lasted 00:10:12 (2811 turns).

Irreverend the Magician (Djinni Conjurer)           Turns: 2811, Time: 00:10:13

Health: -1/40      AC:  2    Str: 12    XL:     5   Next: 69%
Gold:   226        EV: 12    Int: 21    God:
                   SH:  0    Dex: 12

rFire   + + .        (no weapon)
rCold   x . .        (no shield)
rNeg    . . .        a - +0 robe
rPois   ∞            (no helmet)
rElec   .            (no cloak)
rCorr   .            (no gloves)
SInv    .            (boots unavailable)
Will    .....        (no amulet)
Stlth   ++           k - +6 ring of strength
HPRegen 0.26/turn    (no ring)
MPRegen 0.00/turn

%: infuse magic (-2 HP)
@: flying
A: sickness immunity, fire resistance 2, cold vulnerability 1, float, innate
caster, HP casting, extra vitality 1
a: no special abilities


You were on level 4 of the Dungeon.
You visited 1 branch of the dungeon, and saw 4 of its levels.

You collected 226 gold pieces.

Inventory:

Armour
 a - a +0 robe (worn)
 r - a scarf of shadows
Jewellery
 k - a +6 ring of strength (left hand)
 t - a ring of willpower
Wands
 q - a wand of iceblast (4)
Scrolls
 b - a scroll of torment {unknown}
 d - 2 scrolls of teleportation {unknown}
 g - a scroll of blinking {unknown}
 j - a scroll of immolation {unknown}
 n - 2 scrolls of poison {unknown}
 o - a scroll of butterflies {unknown}
 p - 2 scrolls of noise {unknown}
 s - a scroll of enchant weapon {unknown}
 u - a scroll of amnesia {unknown}
Potions
 c - 2 potions of curing
 e - a potion of haste
 f - a potion of mutation
 h - a potion of might
 i - a potion of flight
 l - 2 potions of lignification {unknown}
 m - a potion of magic {unknown}


   Skills:
 + Level 3.1 Fighting
 - Level 2.2 Dodging
 - Level 1.6 Stealth
 * Level 4.3 Spellcasting


You knew the following spells:

 Your Spells              Type           Power      Damage    Failure   Level
a - Magic Dart            Conj           88%        1d7       1%          1
b - Searing Ray           Conj           44%        2d6       3%          2
c - Dazzling Flash        Conj/Hex       44%        N/A       6%          3
d - Fulminant Prism       Conj/Hex       11%        3d8       19%         4
e - Iskenderun's Mystic   Conj/Tloc      22%        2d6       19%         4
f - Shock                 Conj/Air       88%        1d8       1%          1
g - Call Imp              Summ           44%        N/A       3%          2
Your spell library was empty.

Dungeon Overview and Level Annotations

Branches:
Dungeon (4/15)
 Temple: D:4-7

Altars:

Shops:
D:2 =   D:3 **!!(


Innate Abilities, Weirdness & Mutations

You are immune to sickness and miasma.
You are immune to poison.
Your flesh is very heat resistant. (rF++)
You are vulnerable to cold. (rC-)
You float through the air rather than walking.
You learn spells naturally, not from books.
Your magical power is your life essence.
You have superior vitality. (+4 MHP)


Message History

The sky beast closely misses your cerulean imp.
Your cerulean imp barely misses the sky beast.
Casting: Call Imp (safe; 3% risk of failure)
Confirm with . or Enter, or press ? or * to list all spells.
Aiming: Searing Ray (safe; 3% risk of failure)
Press: ? - help, Shift-Dir - straight line, f - sky beast
Aim: a sky beast (lightly wounded, ally target, 69% to hit)
Really fire in your cerulean imp's direction?
The searing ray hits your cerulean imp.
Your cerulean imp is almost dead.
The searing ray hits the sky beast!
The sky beast is heavily wounded. (Press . to maintain the ray.)
Your cerulean imp disappears in a puff of smoke!
The searing ray hits the sky beast.
The sky beast is heavily wounded.
The sky beast hits you. The sky beast shocks you.
The searing ray hits the sky beast but does no damage.
The sky beast is heavily wounded.
The sky beast misses you.
The searing ray misses the sky beast.
You finish channelling your searing ray.
The sky beast completely misses you.
The sky beast flickers out of sight!
Deactivating autopickup; reactivate with Ctrl-A.
Something hits you. Something shocks you.
* * * LOW HITPOINT WARNING * * *
Casting: Searing Ray (safe; 3% risk of failure)
Confirm with . or Enter, or press ? or * to list all spells.
A tiny devil pulls itself out of the air.
* * * LOW HITPOINT WARNING * * *
Something hits you.
* * * LOW HITPOINT WARNING * * *
Something shocks you.
* * * LOW HITPOINT WARNING * * *
Your cerulean imp closely misses something.
Something hits you.
* * * LOW HITPOINT WARNING * * *
Something shocks you.
You die...

### ####### #.####
#...<.# #....## #.....#
##.#..#
#.....###########.##.####
#.......@................
#....5############.†#.†.#
#......#### ##...#.#
######..5.## ###.#..
####..## #.##. ##..#
#.### ##~### #.### #...##
#.... ###..########..


You could see a friendly cerulean imp (summoned).

Vanquished Creatures
  A hound (D:4)
  4 adders
  6 dart slugs
  2 orcs
  3 ball pythons
  5 endoplasms
  3 giant cockroaches
  12 goblins
  6 hobgoblins
  5 jackals
  8 kobolds
  3 quokkas
  7 bats
  3 frilled lizards
  5 rats (D:1)
73 creatures vanquished.

Notes
Turn   | Place    | Note
-------+----------+-------------------------------------------
     0 | D:1      | Irreverend the Djinni Conjurer began the quest for the Orb.
     0 | D:1      | Irreverend set off with the following spells memorised:
                  | Magic Dart, Searing Ray, Dazzling Flash, Fulminant Prism,
                  | Iskenderun's Mystic Blast.
     0 | D:1      | Reached XP level 1. HP: 15/15 MP: 0/0
   205 | D:1      | Reached XP level 2. HP: 20/22 MP: 0/0
   344 | D:1      | Reached skill level 1 in Fighting
   577 | D:1      | Reached XP level 3. HP: 27/27 MP: 0/0
   577 | D:1      | Learned a level 1 spell: Shock
   911 | D:2      | Identified the +2 robe "Xyuhax" {rN+ Str+4}
   966 | D:2      | Found a faded altar of an unknown god.
  1104 | D:2      | Reached XP level 4. HP: 27/33 MP: 0/0
  1335 | D:2      | Found Ukhlikk's Jewellery Boutique.
  1621 | D:3      | Reached skill level 4 in Spellcasting
  1712 | D:3      | Found Toriuc's Distillery.
  1803 | D:3      | Found Vohefeoli's Weapon Shoppe.
  1880 | D:3      | Found Geigyge's Assorted Antiques.
  1954 | D:3      | Found Aboc's Distillery.
  1986 | D:3      | Found Buihe's General Store.
  2175 | D:3      | Reached XP level 5. HP: 37/39 MP: 0/0
  2175 | D:3      | Learned a level 2 spell: Call Imp
  2766 | D:4      | Noticed a sky beast
  2811 | D:4      | Slain by a sky beast

Illustrated notes

Levels and vault maps discovered:
D:1:      sevenhm_arrival_forest_fort_large_2, layout_loops_cross, st_stairs_12,
          minmay_strange_pillars
D:2:      layout_basic, serial_shops, nicolae_shop_back_alley_shop,
          shapermc_ecumenical_altar_starsandcircs, grunt_ministairs_5
D:3:      layout_basic, serial_shops, shop, shop_fountains,
          nicolae_shop_tiny_statue_garden, nicolae_square_shop,
          nicolae_shop_trees, chequers_serial_rivers_micro_b
D:4:      minmay_angry_zag, layout_rooms

Skill      XL: |  1  2  3  4  5 |
---------------+----------------+-----
Fighting       | 1 2 3 |  3.1
Spellcasting   | 4 |  4.3
Dodging        | |  2.2
Stealth        | |  1.6

Action                     |  1- 3 |  4- 6 || total
---------------------------+-------+-------++-------
   Cast: Magic Dart        |    32 |     1 ||    33
         Searing Ray       |     5 |     4 ||     9
         Shock             |    15 |    65 ||    80
         Call Imp          |       |     5 ||     5
    Use: Scroll            |       |     5 ||     5
 Armour: Robe              |     3 |     5 ||     8
  Dodge: Dodged            |     9 |    13 ||    22
